Kradschützen Motorcycle Team
Selects Italian Combined Arms Battlegroup
Selects Bersaglieri Squad
Construct Light Support Kompanie
Panzerjäger Mechanized Group
Selects Semovente da 75/18 Assault Gun
Selects Carro Armato M13/40 Light Tank
le.IG 18 Support Gun Team
le.IG 18 Mechanized Group
Construct Panzerarmee Kommand
Selects Bersaglieri Bolster
Selects Breda Model 30 Light Machine Guns